 Dungeon Crawl Stone Soup version 0.20.1-1-g8b1a95d (webtiles) character file.

7178 gobwax the Arsonist (level 11, -12/61 HPs)
             Began as an Octopode Fire Elementalist on Sept 4, 2017.
             Was a Follower of Vehumet.
             Mangled by a sixfirhy (13 damage)
             ... on level 9 of the Dungeon.
             The game lasted 00:29:15 (10187 turns).

gobwax the Arsonist (Octopode Fire Elementalist)   Turns: 10187, Time: 00:29:16

Health: -12/61     AC:  1    Str:  7    XL:     11   Next: 11%
Magic:  30/42      EV: 13    Int: 28    God:    Vehumet [*.....]
Gold:   527        SH:  0    Dex: 14    Spells: 9/29 levels left

rFire    . . .     SeeInvis .   D - +2 trident (curse)
rCold    . . .     Gourm    .   (no shield)
rNeg     + . .     Faith    .   (helmet restricted)
rPois    +         Spirit   .   (no amulet)
rElec    +         Reflect  .   i - +4 ring of intelligence
rCorr    .         Harm     .   y - ring of positive energy
MR       .....                  H - ring of magical power
Stlth    ++........             f - ring "Niegadil" {rElec rPois MP+9 Int+4 Stlth-}
Regen    0.2/turn               (no ring)
MPRegen  0.3/turn               (no ring)
                                (no ring)
                                (no ring)

@: no status effects
A: almost no armour, stealthy swim, amphibious, 8 rings, constrict 8, camouflage
1, gelatinous body 1
a: Renounce Religion


You were on level 9 of the Dungeon.
You worshipped Vehumet.
Vehumet was aware of your devotion.
You were not hungry.

You visited 2 branches of the dungeon, and saw 10 of its levels.

You collected 527 gold pieces.

Inventory:

Hand Weapons
 u - a +3 whip of electrocution
 D - a cursed +2 trident (weapon)
Jewellery
 f - the ring "Niegadil" (on tentacle) {rElec rPois MP+9 Int+4 Stlth-}
   (You found it on level 8 of the Dungeon)

   [ring of intelligence]

   It affects your intelligence (+4).
   It insulates you from electricity.
   It protects you from poison.
   It affects your magic capacity (+9).
   It makes you less stealthy.
 i - a +4 ring of intelligence (left tentacle)
 m - an uncursed ring of teleportation
 s - an uncursed ring of ice
 y - a ring of positive energy (right tentacle)
 B - an uncursed amulet of inaccuracy
 H - a ring of magical power (on tentacle)
Wands
 p - a wand of lightning (7/15)
 v - a wand of iceblast (8/15)
 C - a wand of random effects (23/48)
Scrolls
 c - 8 scrolls of identify
 d - a scroll of fear
 e - 3 scrolls of remove curse
 j - 3 scrolls of noise
 o - a scroll of amnesia
 q - 3 scrolls of enchant armour
 t - 2 scrolls of magic mapping
 x - 2 scrolls of enchant weapon
 E - 3 scrolls of teleportation
 G - a scroll of fog
Potions
 n - 3 potions of flight
 r - a potion of resistance
 w - a potion of mutation {unknown}
 z - 5 potions of degeneration {unknown}
 A - 2 potions of magic {unknown}
 F - 2 potions of lignification {unknown}
 I - 2 potions of heal wounds
Books
 a - a book of Flames

   Spells                             Type                      Level
   a - Flame Tongue                   Conjuration/Fire             1
   b - Throw Flame                    Conjuration/Fire             2
   c - Conjure Flame                  Conjuration/Fire             3
   d - Inner Flame                    Hexes/Fire                   3
   e - Sticky Flame                   Conjuration/Fire             4
   f - Fireball                       Conjuration/Fire             5
 l - a book of Minor Magic

   Spells                             Type                      Level
   a - Magic Dart                     Conjuration                  1
   b - Blink                          Translocation                2
   c - Call Imp                       Summoning                    2
   d - Slow                           Hexes                        2
   e - Conjure Flame                  Conjuration/Fire             3
   f - Mephitic Cloud                 Conjuration/Poison/Air       3
Comestibles
 b - 7 bread rations
 g - 2 fruits
 h - 7 meat rations
 k - 4 royal jellies


   Skills:
 - Level 2.0 Dodging
 - Level 2.6 Stealth
 + Level 9.6 Spellcasting
 + Level 8.8 Conjurations
 - Level 1.7 Translocations
 + Level 10.3 Fire Magic
 + Level 0.6 Air Magic
 + Level 0.4 Evocations


You had 9 spell levels left.
You knew the following spells:

 Your Spells              Type           Power        Failure   Level  Hunger
a - Flame Tongue          Conj/Fire      #####        1%          1    None
b - Throw Flame           Conj/Fire      ######       1%          2    None
c - Conjure Flame         Conj/Fire      ######..     1%          3    None
d - Blink                 Tloc           N/A          3%          2    None
e - Sticky Flame          Conj/Fire      ######..     1%          4    None
f - Fireball              Conj/Fire      ######....   2%          5    ####...
g - Mephitic Cloud        Conj/Pois/Air  ####....     3%          3    None


Dungeon Overview and Level Annotations

Branches:
Dungeon (9/15)             Temple (1/1) D:7
   Lair: D:8-11         Orc: D:9-12

Altars:
Cheibriados
Dithmenos
Elyvilon
Gozag
Hepliaklqana
Makhleb
Nemelex Xobeh
Okawaru
Sif Muna
Trog
Uskayaw
Vehumet
Xom
Yredelemnul
Zin

Shops:
D:8 (


Innate Abilities, Weirdness & Mutations

You cannot wear most types of armour.
You are very stealthy in the water. (Stealth+)
You are amphibious.
You can wear up to eight rings at the same time.
You can use your tentacles to constrict eight enemies at once.
Your skin changes colour to match your surroundings (Stealth+).
Your rubbery body absorbs attacks. (AC +1, EV +1)


Message History

The sixfirhy hits you!
* * * LOW HITPOINT WARNING * * *
The sixfirhy shocks you. You resist.
* * * LOW HITPOINT WARNING * * *
Okay, then.
Casting: Blink
Confirm with . or Enter, or press ? or * to list all spells.
You blink.
The sixfirhy burns!
Casting: Blink
Confirm with . or Enter, or press ? or * to list all spells.
You blink.
The sixfirhy burns!
Casting: Blink
Confirm with . or Enter, or press ? or * to list all spells.
You blink.
The sixfirhy hits you!
* * * LOW HITPOINT WARNING * * *
The sixfirhy shocks you. You resist.
* * * LOW HITPOINT WARNING * * *
The sixfirhy hits you!
You die...

..# #.# #.# #.#
##.#.#############(### #
........@3............ ..
#..#.######.########.####.
#.>....§..................
#..#......#§########.###..
#..###.#.# #.# #..
#..#)'.#.# #.# #..
#..###.#.. ..# #..
#......### ### ##.
.....###### #.


You could see a sixfirhy (burning).

Vanquished Creatures
  The ghost of Cadaver the Carver, a novice HuWn (D:9)
  Pikel (D:4)
  The ghost of Frank the Covert, a novice OpMo of Dithmenos (D:6)
  3 hippogriffs
  Sigmund (D:5)
  A wyvern (D:9)
  6 yaks (D:9)
  Grum (D:8)
  A water moccasin (D:6)
  Edmund (D:6)
  2 orc warriors
  A sky beast (D:5)
  4 phantoms
  4 wolves (D:8)
  4 ogres
  A centaur (D:6)
  2 big kobolds
  6 bullfrogs
  2 scorpions
  5 wights (D:6)
  6 howler monkeys
  3 crimson imps
  A centaur zombie (D:7)
  A quasit (D:8)
  A bullfrog zombie (D:7)
  4 orc priests
  4 hounds
  A jelly (D:7)
  3 centaur skeletons
  10 orc wizards
  Jessica (D:2)
  Natasha (twice) (D:2)
  3 iguanas
  6 worker ants
  7 gnolls
  6 adders
  An ooze (D:3)
  2 adder zombies
  An adder skeleton (D:4)
  5 worms
  A dart slug (D:1)
  5 leopard geckos
  28 orcs
  5 ball pythons
  8 bats
  6 giant cockroaches
  4 goblins
  7 hobgoblins
  9 jackals
  3 quokkas
  7 frilled lizards
  13 kobolds
  A quokka skeleton (D:6)
  8 rats
  A fungus (D:1)
222 creatures vanquished.

Vanquished Creatures (others)
  2 slaves (D:4)
  A worker ant (D:4)
  A hound skeleton (D:4)
  A worm (D:4)
  A giant cockroach (D:4)
6 creatures vanquished.

Grand Total: 228 creatures vanquished

Notes
Turn   | Place    | Note
-------+----------+-------------------------------------------
     0 | D:1      | gobwax the Octopode Fire Elementalist began the quest for the Orb.
     0 | D:1      | Reached XP level 1. HP: 11/11 MP: 3/3
   249 | D:1      | Reached XP level 2. HP: 17/17 MP: 1/5
   713 | D:2      | Reached XP level 3. HP: 4/21 MP: 0/6
  1085 | D:2      | Noticed Natasha
  1548 | D:2      | Noticed Jessica
  1559 | D:2      | Killed Jessica
  1559 | D:2      | Reached skill level 4 in Fire Magic
  1559 | D:2      | Reached XP level 4. HP: 27/27 MP: 6/8
  1777 | D:2      | Killed Natasha
  1925 | D:2      | Noticed Natasha
  1929 | D:2      | Killed Natasha
  1929 | D:2      | Reached XP level 5. HP: 19/31 MP: 4/9
  2214 | D:3      | Found a shimmering altar of Xom.
  2215 | D:3      | Found a shimmering altar of Xom.
  2217 | D:3      | Found a shimmering altar of Xom.
  2231 | D:3      | Noticed an ogre
  2242 | D:3      | Found a faded altar of an unknown god.
  2334 | D:3      | Learned a level 2 spell: Throw Flame
  2338 | D:3      | Learned a level 3 spell: Conjure Flame
  2341 | D:3      | Learned a level 2 spell: Blink
  2456 | D:3      | Killed an ogre
  2456 | D:3      | Reached XP level 6. HP: 36/36 MP: 0/11
  3096 | D:3      | Reached skill level 5 in Fire Magic
  3137 | D:3      | Found a hazy altar of Hepliaklqana.
  3211 | D:4      | Noticed a slave
  3212 | D:4      | Noticed a slave
  3212 | D:4      | Noticed a slave
  3215 | D:4      | Noticed Pikel
  3215 | D:4      | Noticed a slave
  3337 | D:4      | Killed Pikel
  3337 | D:4      | Reached skill level 5 in Spellcasting
  3337 | D:4      | Reached XP level 7. HP: 41/41 MP: 0/14
  3462 | D:4      | Reached skill level 6 in Fire Magic
  3462 | D:4      | Reached XP level 8. HP: 39/46 MP: 7/15
  3786 | D:4      | Reached skill level 5 in Conjurations
  4063 | D:5      | Entered Level 5 of the Dungeon
  4230 | D:5      | Noticed Sigmund
  4238 | D:5      | Killed Sigmund
  4900 | D:5      | Reached skill level 7 in Fire Magic
  5270 | D:5      | Learned a level 4 spell: Sticky Flame
  5298 | D:6      | Noticed Frank's ghost (novice OpMo)
  5299 | D:6      | Noticed Edmund
  5552 | D:7      | Reached XP level 9. HP: 51/51 MP: 5/18
  5692 | D:7      | Reached skill level 1 in Translocations
  5795 | D:6      | Killed Edmund
  6221 | D:6      | Reached skill level 8 in Fire Magic
  6392 | D:6      | Learned a level 5 spell: Fireball
  6396 | D:6      | Learned a level 3 spell: Mephitic Cloud
  6521 | D:6      | Killed Frank's ghost
  7166 | D:7      | Found a bloodstained altar of Trog.
  7166 | D:7      | Found a burning altar of Makhleb.
  7178 | D:7      | Reached XP level 10. HP: 43/56 MP: 12/21
  7190 | D:7      | Found a staircase to the Ecumenical Temple.
  7536 | Temple   | Entered the Ecumenical Temple
  7559 | Temple   | Became a worshipper of Vehumet
  8039 | D:7      | Reached skill level 9 in Fire Magic
  8367 | D:7      | Found a deep blue altar of Sif Muna.
  8369 | D:7      | Found a snail-covered altar of Cheibriados.
  8517 | D:8      | Found Difis's Weapon Emporium.
  8763 | D:8      | Noticed Grum
  8768 | D:8      | Killed Grum
  9119 | D:8      | Got a fine wooden ring
  9120 | D:8      | Identified the ring "Niegadil" {rElec rPois MP+9 Int+4 Stlth-} (You found it on level 8 of the Dungeon)
  9589 | D:9      | Reached * piety under Vehumet
  9589 | D:9      | Offered knowledge of Freeze by Vehumet.
  9938 | D:9      | Reached skill level 10 in Fire Magic
  9938 | D:9      | Reached XP level 11. HP: 58/61 MP: 23/24
  9986 | D:9      | Noticed Cadaver's ghost (novice HuWn)
  9997 | D:9      | Killed Cadaver's ghost
 10165 | D:9      | Found a runed door.
 10166 | D:9      | Noticed a sixfirhy
 10187 | D:9      | HP: 1/61 [sixfirhy (3)]
 10187 | D:9      | Mangled by a sixfirhy

Skill      XL: |  1  2  3  4  5  6  7  8  9 10 |
---------------+-------------------------------+-----
Spellcasting   | 3 5 6 7 9 |  9.6
Fire Magic     | 4 5 6 7 8 10 | 10.3
Conjurations   | 2 4 5 7 8 |  8.8
Translocations | 1 |  1.7
Dodging        | |  2.0
Stealth        | |  2.6
Air Magic      | |  0.6
Evocations     | |  0.4

Action                   |  1- 3 |  4- 6 |  7- 9 | 10-12 || total
-------------------------+-------+-------+-------+-------++-------
Melee: Unarmed           |    26 |     8 |       |       ||    34
       Tentacles         |     7 |     3 |    10 |     2 ||    22
       Constrict         |     6 |     2 |    18 |     5 ||    31
       Whip              |       |       |    78 |       ||    78
       Trident           |       |       |    19 |    29 ||    48
 Cast: Flame Tongue      |    46 |    79 |    92 |    52 ||   269
       Conjure Flame     |       |     3 |    14 |    11 ||    28
       Throw Flame       |       |     8 |    87 |    98 ||   193
       Blink             |       |       |     8 |     8 ||    16
       Sticky Flame      |       |       |     1 |    10 ||    11
       Fireball          |       |       |       |     8 ||     8
       Mephitic Cloud    |       |       |       |     1 ||     1
Evoke: Wand              |       |       |     1 |       ||     1
  Use: Potion            |     3 |       |       |       ||     3
       Scroll            |       |     1 |     3 |    10 ||    14
 Stab: Sleeping          |     1 |       |     3 |     1 ||     5
  Eat: Chunk             |     2 |     5 |    12 |     9 ||    28
       Royal jelly       |       |       |       |     1 ||     1
Armor: Skin              |     3 |     2 |     5 |     4 ||    14
Dodge: Dodged            |    18 |    16 |    54 |    29 ||   117
